 Dungeon Crawl Stone Soup version 0.23.2-40-g277498a001 (webtiles) character file.

Game seed: 5753642733038849912

108 Destapler the Ogre Mage (level 4, -1/58 HPs)
             Began as an Ogre Fire Elementalist on Aug 25, 2019.
             Succumbed to an adder's poison
             ... on level 3 of the Dungeon.
             The game lasted 00:19:17 (2742 turns).

Destapler the Ogre Mage (Ogre Fire Elementalist)    Turns: 2742, Time: 00:19:17

Health: -1/58      AC:  3    Str: 17    XL:     4   Next: 87%
Magic:  0/9        EV: 10    Int: 17    God:
Gold:   82         SH:  0    Dex:  9    Spells: 5/10 levels left

rFire    . . .     SeeInvis .   a - +0 dagger
rCold    . . .     Gourm    .   (no shield)
rNeg     . . .     Faith    .   j - +0 robe
rPois    .         Spirit   .   (helmet restricted)
rElec    .         Reflect  .   (no cloak)
rCorr    .         Harm     .   (gloves unavailable)
MR       .....                  (boots unavailable)
Stlth    ..........             (no amulet)
HPRegen  0.19/turn              (no ring)
MPRegen  0.11/turn              (no ring)

@: berserking, lethally poisoned (-1 -> -16), very quick
A: large, unfitting armour, tough skin 1
a: no special abilities


You were on level 3 of the Dungeon.
You were not hungry.

You visited 1 branch of the dungeon, and saw 3 of its levels.

You collected 82 gold pieces.

Inventory:

Hand Weapons
 a - a +0 dagger (weapon)
Missiles
 h - 90 stones (quivered)
Armour
 j - a +0 robe (worn)
Scrolls
 d - 2 scrolls of magic mapping {unknown}
 e - a scroll of amnesia {unknown}
 l - a scroll of fog {unknown}
 m - a scroll of remove curse {unknown}
 n - 2 scrolls of random uselessness {unknown}
 p - a scroll of identify {unknown}
Potions
 b - a potion of heal wounds {unknown}
 f - 2 potions of lignification
 g - a potion of ambrosia {unknown}
 i - a potion of cancellation
 k - a potion of curing {unknown}
 r - a potion of mutation {unknown}
Comestibles
 c - 4 rations
 q - a chunk of flesh


   Skills:
 - Level 0.2 Fighting
 - Level 2.0 Dodging
 - Level 2.0 Stealth
 + Level 3.6 Spellcasting
 * Level 2.3 Conjurations
 * Level 0.3 Summonings
 - Level 3.0 Fire Magic


You had 5 spell levels left.
You knew the following spells:

 Your Spells              Type           Power        Failure   Level  Hunger
a - Flame Tongue          Conj/Fire      ##...        5%          1    None
b - Summon Small Mammal   Summ           #...         14%         1    None
z - Conjure Flame         Conj/Fire      ##......     16%         3    ###....

Your spell library contained the following spells:

 Spells                   Type           Power        Failure   Level  Hunger
 Throw Flame              Conj/Fire      ##....       9%          2    ##.....
 Animate Skeleton         Necr           N/A          17%         1    None
 Apportation              Tloc           #.....       17%         1    None
 Confusing Touch          Hex            #.....       17%         1    None
 Inner Flame              Hex/Fire       #.......     26%         3    ###....
 Sticky Flame             Conj/Fire      ##......     47%         4    ####...
 Fireball                 Conj/Fire      ##........   83%         5    ######.


Dungeon Overview and Level Annotations

Branches:
Dungeon (3/15)

Altars:
Nemelex Xobeh

Annotations:
D:2 Diggy hole


Innate Abilities, Weirdness & Mutations

You are too large for most types of armour.
You have tough skin. (AC +1)


Message History

The adder poisons you! The adder bites you.
* * * LOW HITPOINT WARNING * * *
It was a potion of lignification.
You turn into a tree.
Your +0 robe melds into your body.
Your roots penetrate the ground.
* * * LOW HITPOINT WARNING * * *
You feel sick. The adder bites you but does no damage.
It was a potion of cancellation.
Your magical effects are unravelling.
You feel magically purged.
You feel less wooden.
Your +0 robe unmelds from your body.
* * * LOW HITPOINT WARNING * * *
You feel sick. The adder bites you.
* * * LOW HITPOINT WARNING * * *
You are more poisoned.
The adder poisons you!
It was a potion of berserk rage.
A red film seems to cover your vision as you go berserk!
You feel yourself moving faster!
You feel mighty!
You die...

#.# #..###.#########.. #.#
#.(# #....÷.......
##.###..# ############$
#.#.##..####
.###.......#########
#.#.##.............###.###
##.###.###................
### #.###########.###.#
#..........@S†....#
#############..#### #..#
#.... #.#### #.# #.. .#


You could see an adder.

Vanquished Creatures
  4 adders
  2 oozes
  2 worms (D:2)
  2 dart slugs (D:1)
  2 leopard geckos
  8 bats
  A giant cockroach (D:1)
  2 goblins
  4 hobgoblins
  6 jackals
  2 quokkas (D:3)
  5 frilled lizards
  8 kobolds
  9 rats
57 creatures vanquished.

Vanquished Creatures (others)
  4 toadstools (D:1)
4 creatures vanquished.

Grand Total: 61 creatures vanquished

Notes
Turn   | Place    | Note
-------+----------+-------------------------------------------
     0 | D:1      | Destapler the Ogre Fire Elementalist began the quest for
                  | the Orb.
     0 | D:1      | Reached XP level 1. HP: 16/16 MP: 3/3
   238 | D:1      | Reached XP level 2. HP: 23/24 MP: 1/6
   589 | D:1      | Reached skill level 1 in Conjurations
   711 | D:1      | Reached XP level 3. HP: 26/31 MP: 5/7
   720 | D:1      | Learned a level 3 spell: Conjure Flame
  1473 | D:2      | Reached XP level 4. HP: 39/39 MP: 0/9
  2333 | D:2      | Found a faded altar of an unknown god.
  2654 | D:2      | Found a sparkling altar of Nemelex Xobeh.
  2674 | D:2      | Learned a level 1 spell: Summon Small Mammal
  2741 | D:3      | HP: 1/39 [adder (4)]
  2742 | D:3      | Succumbed to an adder's poison

Skill      XL: |  1  2  3  4 |
---------------+-------------+-----
Spellcasting   | 3 |  3.6
Dodging        | 2 |  2.0
Conjurations   | 1 2 |  2.3
Fire Magic     | 3 |  3.0
Stealth        | 2 |  2.0
Fighting       | |  0.2
Summonings     | |  0.3

Action                   |  1- 3 |  4- 6 || total
-------------------------+-------+-------++-------
Melee: Unarmed           |    13 |       ||    13
       Dagger            |    74 |    30 ||   104
       Whip              |     8 |       ||     8
Throw: Stone             |    23 |    12 ||    35
 Cast: Flame Tongue      |    41 |    33 ||    74
       Conjure Flame     |     3 |       ||     3
  Use: Potion            |       |     3 ||     3
 Stab: Sleeping          |       |     1 ||     1
  Eat: Chunk             |     2 |     4 ||     6
Armor: Robe              |    35 |     8 ||    43
       Skin              |       |     1 ||     1
Dodge: Dodged            |    74 |    26 ||   100
